TOP OF THE 1ST |
Salem Red Sox batting - Pitching for Inland Empire 66ers : RHP Josh Brewer
|
Pitching: RHP Josh Brewer
|
|
Batting: RHB Sal Rivera
|
0-0: Ball 1-0: Swinging Strike 1-1: Ball 2-1: Bunted foul 2-2: Ball 3-2: Strikes out looking
|
Batting: RHB Tony Nunez
|
0-0: Ball 1-0: Called Strike 1-1: Foul Ball, location: 2F 1-2: Ball 2-2: Foul Ball, location: 2F 2-2: Ball 3-2: SOLO HOME RUN (Flyball, 7D, EV 98.8 MPH), Distance : 389 ft
|
Batting: LHB Carlos Guerra
|
0-0: Ball 1-0: Ball 2-0: Foul Ball, location: 2LF, Error on foul ball, E2 2-1: Ball 3-1: Called Strike 3-2: Foul Ball, location: 2F 3-2: Foul Ball, location: 2F 3-2: Fly out, F8 (Flyball, 8LXD, EV 95.0 MPH)
|
Batting: SHB Greg Shaw
|
0-0: Ball 1-0: Swinging Strike 1-1: Ball 2-1: Ball 3-1: Fly out, F8 (Flyball, 8RS, EV 81.9 MPH)
|
Top of the 1st over - 1 run, 1 hit, 1 error, 0 left on base; Salem 1 - Inland Empire 0 |
BOTTOM OF THE 1ST |
Inland Empire 66ers batting - Pitching for Salem Red Sox : RHP Andy Garvin
|
Pitching: RHP Andy Garvin
|
|
Batting: RHB Khalil Thurston
|
0-0: Ball 1-0: Called Strike 1-1: Fly out, F7 (Line Drive, 78M, EV 92.5 MPH)
|
Batting: RHB Jon Griffin
|
0-0: Ball 1-0: Called Strike 1-1: Reached on error, E6 (Groundball, 6, EV 103.1 MPH)
|
Batting: LHB Mark Reeg
|
0-0: Called Strike Jon Griffin steals 2nd base 0-1: Foul Ball, location: 2F 0-2: Foul Ball, location: 2F 0-2: Ball 1-2: Ball 2-2: Ball 3-2: Strikes out looking
|
Batting: RHB Ryan Munro
|
0-0: Ball 1-0: Ball 2-0: Called Strike 2-1: Called Strike 2-2: Strikes out swinging
|
Bottom of the 1st over - 0 runs, 0 hits, 1 error, 1 left on base; Salem 1 - Inland Empire 0 |
TOP OF THE 2ND |
Salem Red Sox batting - Pitching for Inland Empire 66ers : RHP Josh Brewer
|
Batting: RHB Dave Burwell
|
0-0: Ball 1-0: Called Strike 1-1: Foul Ball, location: 2F 1-2: Ground out 6-3 (Groundball, 6, EV 84.4 MPH)
|
Batting: SHB Salvador Padilla
|
0-0: Called Strike 0-1: Ball 1-1: SINGLE (Groundball, 56S, EV 76.9 MPH) (infield hit)
|
Batting: RHB Miguel Villanueva
|
0-0: Called Strike 0-1: Ball 1-1: Foul Ball, location: 2F 1-2: Grounds into double play, 6-4-3 (Groundball, 6, EV 90.0 MPH)
|
Top of the 2nd over - 0 runs, 1 hit, 0 errors, 0 left on base; Salem 1 - Inland Empire 0 |
BOTTOM OF THE 2ND |
Inland Empire 66ers batting - Pitching for Salem Red Sox : RHP Andy Garvin
|
Batting: LHB Matthew Bale
|
0-0: Ball 1-0: Ball 2-0: Ball 3-0: Base on Balls
|
Batting: RHB Ryuji Ito
|
0-0: Ball 1-0: Called Strike 1-1: Swinging Strike 1-2: Ball 2-2: Fly out, F7 (Flyball, 7LM, EV 101.2 MPH)
|
Batting: RHB Timoleon Tsikouna
|
0-0: Foul Ball, location: 2F 0-1: Swinging Strike 0-2: DOUBLE (Groundball, 5L, EV 100.0 MPH) Matthew Bale to third
|
Batting: RHB Dean LeCroy
|
0-0: Called Strike 0-1: Fly out, F8 (Flyball, 8RM, EV 84.4 MPH) Runner from 3rd tags up, SCORES, throw by CF
|
Batting: RHB Pat Crawley
|
0-0: Foul Ball, location: 2F 0-1: Ball 1-1: DOUBLE (Line Drive, 89D, EV 106.9 MPH) Timoleon Tsikouna scores
|
Batting: RHB Khalil Thurston
|
0-0: SINGLE (Groundball, 6MD, EV 108.8 MPH) Pat Crawley to third
|
Batting: RHB Jon Griffin
|
0-0: Called Strike Khalil Thurston is caught stealing 2nd base 2-4
|
Bottom of the 2nd over - 2 runs, 3 hits, 0 errors, 1 left on base; Salem 1 - Inland Empire 2 |
TOP OF THE 3RD |
Salem Red Sox batting - Pitching for Inland Empire 66ers : RHP Josh Brewer
|
Batting: RHB Willie Camacho
|
0-0: Foul Ball, location: 2F 0-1: Foul Ball, location: 2F 0-2: Strikes out looking
|
Batting: RHB Roger Mitchell
|
0-0: DOUBLE (Line Drive, 89D, EV 107.5 MPH)
|
Batting: RHB Sal Rivera
|
0-0: Ball 1-0: Called Strike 1-1: Fly out, F7 (Flyball, 7, EV 78.1 MPH)
|
Batting: RHB Tony Nunez
|
0-0: Ball 1-0: Ball 2-0: Ball 3-0: Called Strike 3-1: Foul Ball, location: 2F 3-2: Base on Balls
|
Batting: LHB Carlos Guerra
|
0-0: Swinging Strike 0-1: Foul Ball, location: 2F 0-2: Foul Ball, location: 2F 0-2: Foul Ball, location: 2F 0-2: Ball 1-2: Fielders Choice at 2nd, 5-4 (Groundball, 56, EV 83.1 MPH)
|
Top of the 3rd over - 0 runs, 1 hit, 0 errors, 2 left on base; Salem 1 - Inland Empire 2 |
BOTTOM OF THE 3RD |
Inland Empire 66ers batting - Pitching for Salem Red Sox : RHP Andy Garvin
|
Batting: RHB Jon Griffin
|
0-0: Ball 1-0: Ball 2-0: Ball 3-0: Called Strike 3-1: Base on Balls
|
Batting: LHB Mark Reeg
|
0-0: Fly out, F8 (Flyball, 8RM, EV 97.5 MPH)
|
Batting: RHB Ryan Munro
|
0-0: Swinging Strike 0-1: Foul Ball, location: 2F 0-2: Strikes out swinging
|
Batting: LHB Matthew Bale
|
0-0: Ball 1-0: Called Strike 1-1: Swinging Strike 1-2: Strikes out swinging
|
Bottom of the 3rd over - 0 runs, 0 hits, 0 errors, 1 left on base; Salem 1 - Inland Empire 2 |
TOP OF THE 4TH |
Salem Red Sox batting - Pitching for Inland Empire 66ers : RHP Josh Brewer
|
Batting: SHB Greg Shaw
|
0-0: Ball 1-0: Foul Ball, location: 2F 1-1: Fly out, F8 (Flyball, 8LD, EV 88.8 MPH)
|
Batting: RHB Dave Burwell
|
0-0: Called Strike 0-1: Called Strike 0-2: Foul Ball, location: 2F 0-2: Ball 1-2: Strikes out swinging, 2-3 out at first.
|
Batting: SHB Salvador Padilla
|
0-0: Called Strike 0-1: Called Strike 0-2: Ball 1-2: Ball 2-2: Strikes out swinging
|
Top of the 4th over - 0 runs, 0 hits, 0 errors, 0 left on base; Salem 1 - Inland Empire 2 |
BOTTOM OF THE 4TH |
Inland Empire 66ers batting - Pitching for Salem Red Sox : RHP Andy Garvin
|
Batting: RHB Ryuji Ito
|
0-0: Ball 1-0: Ground out 4-3 (Groundball, 4, EV 105.6 MPH)
|
Batting: RHB Timoleon Tsikouna
|
0-0: Foul Ball, location: 2F 0-1: Ball 1-1: Ball 2-1: Called Strike 2-2: Ground out 2-3 (Groundball, 13S, EV 73.1 MPH)
|
Batting: RHB Dean LeCroy
|
0-0: Foul Ball, location: 2F 0-1: Ball 1-1: Called Strike 1-2: SOLO HOME RUN (Flyball, 7D, EV 93.8 MPH), Distance : 377 ft
|
Batting: RHB Pat Crawley
|
0-0: Ball 1-0: Ball 2-0: Foul Ball, location: 2F 2-1: Called Strike 2-2: Strikes out swinging
|
Bottom of the 4th over - 1 run, 1 hit, 0 errors, 0 left on base; Salem 1 - Inland Empire 3 |
TOP OF THE 5TH |
Salem Red Sox batting - Pitching for Inland Empire 66ers : RHP Josh Brewer
|
Batting: RHB Miguel Villanueva
|
0-0: Ball 1-0: Called Strike 1-1: Fly out, F9 (Flyball, 9, EV 97.5 MPH)
|
Batting: RHB Willie Camacho
|
0-0: Ball 1-0: Fly out, F7 (Flyball, 7, EV 89.4 MPH)
|
Batting: RHB Roger Mitchell
|
0-0: Ball 1-0: Called Strike 1-1: Swinging Strike 1-2: Strikes out swinging
|
Top of the 5th over - 0 runs, 0 hits, 0 errors, 0 left on base; Salem 1 - Inland Empire 3 |
BOTTOM OF THE 5TH |
Inland Empire 66ers batting - Pitching for Salem Red Sox : RHP Andy Garvin
|
Batting: RHB Khalil Thurston
|
0-0: Called Strike 0-1: Ball 1-1: SINGLE (Groundball, 6MD, EV 96.2 MPH)
|
Batting: RHB Jon Griffin
|
0-0: Called Strike 0-1: Ball Khalil Thurston is caught stealing 2nd base 2-4 1-1: Called Strike 1-2: Ball 2-2: SINGLE (Line Drive, 9LS, EV 106.9 MPH)
|
Batting: LHB Mark Reeg
|
0-0: Called Strike 0-1: Ball 1-1: Ball Jon Griffin is caught stealing 2nd base 2-6 2-1: Ball 3-1: Base on Balls
|
Pitching: RHP Danny Marquez
|
|
Batting: RHB Ryan Munro
|
0-0: Ball 1-0: Ball 2-0: Ball 3-0: Base on Balls Mark Reeg to second
|
Batting: LHB Matthew Bale
|
0-0: Called Strike 0-1: Ball 1-1: Called Strike 1-2: Foul Ball, location: 2F 1-2: Strikes out looking
|
Bottom of the 5th over - 0 runs, 2 hits, 0 errors, 2 left on base; Salem 1 - Inland Empire 3 |
TOP OF THE 6TH |
Salem Red Sox batting - Pitching for Inland Empire 66ers : RHP Josh Brewer
|
Batting: RHB Sal Rivera
|
0-0: Called Strike 0-1: Ball 1-1: Called Strike 1-2: Foul Ball, location: 2F 1-2: Fly out, F7 (Flyball, 78D, EV 90.6 MPH)
|
Pitching: RHP Simon Vogel
|
|
Batting: RHB Tony Nunez
|
0-0: Foul Ball, location: 2F 0-1: Foul Ball, location: 2F 0-2: Hit by Pitch
|
Batting: LHB Carlos Guerra
|
0-0: Ball 1-0: Foul Ball, location: 2F 1-1: Fly out, F9 (Flyball, 9LS, EV 78.8 MPH)
|
Batting: SHB Greg Shaw
|
0-0: Ball 1-0: Foul Ball, location: 2F 1-1: Called Strike Tony Nunez is caught stealing 2nd base 2-6
|
Top of the 6th over - 0 runs, 0 hits, 0 errors, 0 left on base; Salem 1 - Inland Empire 3 |
BOTTOM OF THE 6TH |
Inland Empire 66ers batting - Pitching for Salem Red Sox : RHP Danny Marquez
|
Batting: RHB Ryuji Ito
|
0-0: Ball 1-0: Called Strike 1-1: Ground out 5-3 (Groundball, 56, EV 78.1 MPH)
|
Batting: RHB Timoleon Tsikouna
|
0-0: Called Strike 0-1: Swinging Strike 0-2: Strikes out looking
|
Batting: RHB Dean LeCroy
|
0-0: Called Strike 0-1: Ball 1-1: Fly out, F2 (Popup, 2R, EV 88.1 MPH)
|
Bottom of the 6th over - 0 runs, 0 hits, 0 errors, 0 left on base; Salem 1 - Inland Empire 3 |
TOP OF THE 7TH |
Salem Red Sox batting - Pitching for Inland Empire 66ers : RHP Simon Vogel
|
Batting: SHB Greg Shaw
|
0-0: SINGLE (Groundball, 4MD, EV 100.0 MPH)
|
Batting: RHB Dave Burwell
|
0-0: Fly out, F9 (Flyball, 89M, EV 96.9 MPH)
|
Batting: SHB Salvador Padilla
|
0-0: Called Strike Greg Shaw steals 2nd base 0-1: Ball 1-1: Foul Ball, location: 2F 1-2: Ball 2-2: SINGLE (Flyball, 78M, EV 94.4 MPH) Greg Shaw to third
|
Pinch Hitting: LHB Aaron Brannon
|
0-0: Called Strike 0-1: Swinging Strike 0-2: Foul Ball, location: 2F 0-2: Strikes out swinging
|
Pinch Hitting: RHB Aukukero Tairi
|
0-0: Ball 1-0: Ball 2-0: Foul Ball, location: 2F 2-1: Ball 3-1: Base on Balls Salvador Padilla to second
|
Batting: RHB Roger Mitchell
|
0-0: Swinging Strike 0-1: Foul Ball, location: 2F 0-2: Foul Ball, location: 2F 0-2: Ball 1-2: Strikes out swinging
|
Top of the 7th over - 0 runs, 2 hits, 0 errors, 3 left on base; Salem 1 - Inland Empire 3 |
BOTTOM OF THE 7TH |
Inland Empire 66ers batting - Pitching for Salem Red Sox : RHP Danny Marquez
|
Now at 1B: Aaron Brannon
|
|
Now at 2B: Carlos Guerra
|
|
Now at SS: Tony Nunez
|
|
Now in CF: Aukukero Tairi
|
|
Batting: RHB Pat Crawley
|
0-0: SINGLE (Flyball, 9LS, EV 90.6 MPH)
|
Batting: RHB Khalil Thurston
|
0-0: Ball 1-0: Ball Balk! Pat Crawley to second 2-0: 2-RUN HOME RUN (Flyball, 78XD, EV 108.1 MPH), Distance : 421 ft
|
Batting: RHB Jon Griffin
|
0-0: Ball 1-0: Foul Ball, location: 2F 1-1: DOUBLE (Line Drive, 78M, EV 108.1 MPH)
|
Batting: LHB Mark Reeg
|
0-0: Ball 1-0: Ground out 4-3 (Groundball, 4D, EV 83.8 MPH) Jon Griffin to third
|
Batting: RHB Ryan Munro
|
0-0: Swinging Strike 0-1: Called Strike 0-2: DOUBLE (Flyball, 8LXD, EV 105.0 MPH) Jon Griffin scores
|
Batting: LHB Matthew Bale
|
0-0: Ball 1-0: Called Strike 1-1: Called Strike 1-2: Foul Ball, location: 2F 1-2: Strikes out looking
|
Batting: RHB Ryuji Ito
|
0-0: Ball 1-0: Ball 2-0: Ball 3-0: Called Strike 3-1: Swinging Strike 3-2: Base on Balls
|
Pitching: RHP Lukasha Sheigus
|
|
Batting: RHB Timoleon Tsikouna
|
0-0: Called Strike 0-1: Ball 1-1: Foul Ball, location: 2F 1-2: DOUBLE (Line Drive, 9LM, EV 91.2 MPH) Ryan Munro scores Ryuji Ito to third Runner from 3rd tries for Home, SAFE, no throw by RF
|
Batting: RHB Dean LeCroy
|
0-0: Ball 1-0: Swinging Strike 1-1: Ball 2-1: Foul Ball, location: 2F 2-2: 2-RUN HOME RUN (Flyball, 78XD, EV 111.9 MPH), Distance : 417 ft
|
Batting: RHB Pat Crawley
|
0-0: Ball 1-0: Ball 2-0: Foul Ball, location: 2F 2-1: Foul Ball, location: 2F 2-2: Ball 3-2: Strikes out swinging
|
Bottom of the 7th over - 7 runs, 6 hits, 0 errors, 0 left on base; Salem 1 - Inland Empire 10 |
TOP OF THE 8TH |
Salem Red Sox batting - Pitching for Inland Empire 66ers : RHP Simon Vogel
|
Pinch Hitting: RHB Bakhtiar Asadov
|
0-0: Ball 1-0: Called Strike 1-1: Swinging Strike 1-2: Strikes out swinging
|
Batting: RHB Tony Nunez
|
0-0: Ball 1-0: Ball 2-0: Called Strike 2-1: Ball 3-1: Base on Balls
|
Pinch Hitting: RHB Rogelio Cervantes
|
0-0: Ball 1-0: Foul Ball, location: 2F 1-1: SINGLE (Line Drive, 4MD, EV 103.1 MPH) Tony Nunez to second
|
Batting: SHB Greg Shaw
|
0-0: Ball 1-0: 3-RUN HOME RUN (Flyball, 9D, EV 100.0 MPH), Distance : 398 ft
|
Batting: RHB Dave Burwell
|
0-0: Ball 1-0: TRIPLE (Flyball, 78XD, EV 101.9 MPH)
|
Pitching: RHP Cal Abbott
|
|
Batting: SHB Salvador Padilla
|
0-0: Ball 1-0: Ground out 4-3 (Groundball, 4, EV 83.8 MPH) Dave Burwell scores
|
Batting: LHB Aaron Brannon
|
0-0: Called Strike 0-1: Ball 1-1: Called Strike 1-2: Hit by Pitch
|
Batting: RHB Aukukero Tairi
|
0-0: Called Strike 0-1: Fly out, F8 (Line Drive, 8LS, EV 87.5 MPH)
|
Top of the 8th over - 4 runs, 3 hits, 0 errors, 1 left on base; Salem 5 - Inland Empire 10 |
BOTTOM OF THE 8TH |
Inland Empire 66ers batting - Pitching for Salem Red Sox : RHP Lukasha Sheigus
|
Now at 2B: Tony Nunez
|
|
Now at SS: Rogelio Cervantes
|
|
Now in RF: Bakhtiar Asadov
|
|
Batting: RHB Khalil Thurston
|
0-0: Ball 1-0: Called Strike 1-1: Foul Ball, location: 2F 1-2: Ball 2-2: Strikes out swinging
|
Batting: RHB Jon Griffin
|
0-0: Foul Ball, location: 2F 0-1: SINGLE (Groundball, 4MD, EV 105.6 MPH)
|
Batting: LHB Mark Reeg
|
0-0: Ball Wild Pitch! Jon Griffin to second 1-0: Fly out, F3 (Popup, 3SF, EV 86.2 MPH)
|
Batting: RHB Ryan Munro
|
0-0: Ball 1-0: Called Strike 1-1: Foul Ball, location: 2F 1-2: Ball 2-2: Ball 3-2: Strikes out swinging
|
Bottom of the 8th over - 0 runs, 1 hit, 0 errors, 1 left on base; Salem 5 - Inland Empire 10 |
TOP OF THE 9TH |
Salem Red Sox batting - Pitching for Inland Empire 66ers : RHP Cal Abbott
|
Batting: RHB Roger Mitchell
|
0-0: Called Strike 0-1: Fly out, F7 (Flyball, 7S, EV 90.0 MPH)
|
Batting: RHB Bakhtiar Asadov
|
0-0: Called Strike 0-1: Swinging Strike 0-2: Ball 1-2: Strikes out looking
|
Batting: RHB Tony Nunez
|
0-0: Ball 1-0: SOLO HOME RUN (Line Drive, 78XD, EV 115.6 MPH), Distance : 434 ft
|
Batting: RHB Rogelio Cervantes
|
0-0: Ball 1-0: Ground out 4-3 (Groundball, 4, EV 80.6 MPH)
|
Top of the 9th over - 1 run, 1 hit, 0 errors, 0 left on base; Salem 6 - Inland Empire 10 |
|